 Dungeon Crawl Stone Soup version 0.31-a0-654-gbe3e110b4e (webtiles) character file.

Game seed: 15477939548985198804

8234 heikuro the Cleaver (level 11, -18/87 HPs)
             Began as a Formicid Fighter on Aug 29, 2023.
             Was an Elder of Okawaru.
             Demolished by a boulder beetle (23 damage)
             ... on level 12 of the Dungeon.
             The game lasted 00:23:32 (9645 turns).

heikuro the Cleaver (Formicid Fighter)              Turns: 9645, Time: 00:23:32

Health: -18/87     AC: 21    Str: 28    XL:     11   Next: 52%
Magic:  16/17      EV: 11    Int:  8    God:    Okawaru [****..]
Gold:   375        SH:  8    Dex: 19    Spells: 10/10 levels left

rFire   . . .        a - +0 war axe
rCold   . . .        c - +0 buckler
rNeg    . . .        l - +0 plate armour
rPois   .            (helmet unavailable)
rElec   .            F - +2 cloak {Stlth+}
rCorr   .            x - +0 pair of gloves {Str+3}
SInv    +            (no boots)
Will    ++...        C - amulet of magic regeneration Stlth
                     f - ring of willpower
HPRegen 0.34/turn    s - +6 ring of dexterity
MPRegen 0.55/turn

%: no passive effects
@: heroic, finesse-ful
A: permanent stasis, dig shafts and tunnels, antennae 3, four strong arms
a: Dig, Shaft Self, Renounce Religion, Heroism, Finesse


You were on level 12 of the Dungeon.
You worshipped Okawaru.
Okawaru was greatly pleased with you.
You visited 2 branches of the dungeon, and saw 14 of its levels.

You collected 555 gold pieces.
You spent 180 gold pieces at shops.

Inventory:

Hand Weapons
 a - a +0 war axe (weapon)
 H - a +4 hand axe
Missiles
 i - 6 javelins
 B - 32 poisoned darts (quivered)
Armour
 c - a +0 buckler (worn)
 l - a +0 plate armour (worn)
 x - a +0 pair of gloves of strength (worn)
 A - a +1 cloak
 F - a +2 cloak of stealth (worn)
Jewellery
 f - a ring of willpower (left hand)
 s - a +6 ring of dexterity (right hand)
 C - an amulet of magic regeneration (around neck)
 E - a ring of ice
Wands
 y - a wand of polymorph (11)
 D - a wand of flame (6)
Scrolls
 d - a scroll of amnesia {unknown}
 e - a scroll of identify
 g - a scroll of immolation
 m - 3 scrolls of enchant weapon {unknown}
 n - a scroll of revelation {unknown}
 r - a scroll of fog {unknown}
 t - 2 scrolls of poison {unknown}
 u - a scroll of silence {unknown}
 w - 5 scrolls of teleportation {unknown}
 G - a scroll of noise {unknown}
Potions
 h - 3 potions of curing
 j - a potion of cancellation
 k - a potion of mutation
 o - 3 potions of resistance {unknown}
 p - 5 potions of heal wounds
 q - 2 potions of brilliance {unknown}
 v - 3 potions of attraction {unknown}
 z - a potion of invisibility {unknown}


   Skills:
 + Level 8.4(13.4) Fighting
 * Level 10.3(15.3) Axes
 + Level 8.5(13.5) Armour
 + Level 9.9(14.9) Shields
 + Level 8.0 Invocations


You had 10 spell levels left.
You didn't know any spells.
Your spell library contained the following spells:

 Spells                   Type           Power      Damage    Failure   Level
 Apportation              Tloc           0%         N/A       97%         1
 Scorch                   Fire           0%         2d5       99%         2
 Inner Flame              Hex/Fire       0%         N/A       100%        3
 Portal Projectile        Hex/Tloc       0%         N/A       100%        3
 Teleport Other           Tloc           0%         N/A       100%        3
 Flame Wave               Conj/Fire      0%         2d4       100%        4
 Iskenderun's Mystic Bla  Conj/Tloc      0%         2d3       100%        4
 Leda's Liquefaction      Hex/Erth       0%         N/A       100%        4
 Alistair's Intoxication  Tmut/Pois      0%         N/A       100%        5
 Lee's Rapid Deconstruct  Erth           0%         3d4*      100%        5
 Call Canine Familiar     Summ           Unusable   N/A       N/A         3
 Animate Armour           Summ/Erth      Unusable   N/A       N/A         4
 Summon Lightning Spire   Summ/Air       Unusable   N/A       N/A         4
 Summon Cactus Giant      Summ           Unusable   N/A       N/A         6

Dungeon Overview and Level Annotations

Branches:
Dungeon (13/15)            Temple (1/1) D:6             Orc (0/2) D:9
   Lair: D:8-11      Vaults: D:13-14

Altars:
Ashenzari
Cheibriados
Dithmenos
Elyvilon
Fedhas
Gozag
Hepliaklqana
Kikubaaqudgha
Nemelex Xobeh
Okawaru
Qazlal
Ru
Sif Muna
Uskayaw
Vehumet
Wu Jian
Xom
Yredelemnul
Zin
The Shining One

Shops:
D:4 [   D:6 *   D:10 !

Annotations:
D:9 Erolcha
Temple 2 transporters


Innate Abilities, Weirdness & Mutations

You cannot be hasted, slowed, berserked, paralysed or teleported.
You can dig through walls and to a lower floor.
You have a pair of large antennae on your head. (SInv)
Your four strong arms can wield two-handed weapons with a shield.


Message History

The boulder beetle is lightly wounded.
The boulder beetle curls into a ball and begins rolling!
Unknown command.
You hit the boulder beetle but do no damage.
The boulder beetle is lightly wounded.
The boulder beetle leaps!
Throw: 35 darts (poison)
Press: ? - help, Q - select action, (/) - cycle Shift-Dir - straight line, f - boulder beetle
Aim: a boulder beetle (lightly wounded, rolling, 91% to hit)
You throw a poisoned dart.
The poisoned dart hits the boulder beetle.
The boulder beetle is poisoned.
The boulder beetle is lightly wounded.
Throw: 34 darts (poison)
Press: ? - help, Q - select action, (/) - cycle Shift-Dir - straight line, f/p - boulder beetle
Aim: a boulder beetle (lightly wounded, rolling, poisoned, 91% to hit)
You throw a poisoned dart.
The poisoned dart hits the boulder beetle.
The boulder beetle looks even sicker.
The boulder beetle is lightly wounded.
The boulder beetle curls into a ball and begins rolling!
Unknown command.
Throw: 33 darts (poison)
Press: ? - help, Q - select action, (/) - cycle Shift-Dir - straight line, f/p - boulder beetle
Aim: a boulder beetle (lightly wounded, rolling, very poisoned, 91% to hit)
You throw a poisoned dart.
The poisoned dart hits the boulder beetle.
The boulder beetle looks even sicker.
The boulder beetle is lightly wounded.
The boulder beetle hits you!!!
* * * LOW HITPOINT WARNING * * *
The boulder beetle stops rolling and uncurls.
Things that are here:
a +0 dagger; a +0 leather armour The boulder beetle bites you but does no damage.
You begin to dig a shaft.
You continue digging a shaft.
The boulder beetle bites you!
* * * LOW HITPOINT WARNING * * *
The boulder beetle hits you!!
You die...

##..... .......
#......#.......
...............
#.............
#.....°.......
##.((..°.......
......)○).#
......BB).# ..
. #......@..#
... .
#....#....#
....
#...##.......
#.#.## ....
......#.#
...... ...
....#### #
...... #.
...... ......
....... ......
##...#.. ##....
.#....


You could see 2 boulder beetles.

Vanquished Creatures
  2 two-headed ogres
  Pikel (D:4)
  A manticore (D:11)
  Joseph (D:8)
  Maurice (D:8)
  A gargoyle (D:10)
  Maggie (D:7)
  A troll (D:12)
  A shadow (D:10)
  A yak (D:10)
  A human (D:5)
  A steam dragon (D:10)
  A wyvern (D:9)
  Duvessa (D:4)
  3 water moccasins
  2 orc warriors
  2 sky beasts
  A black bear (D:4)
  2 ice beasts
  A centaur (D:9)
  5 ogres
  2 lemures (D:4)
  2 phantoms
  3 kobold brigands
  3 scorpions
  3 bullfrogs
  13 wights
  Dowan (D:4)
  5 howler monkeys
  3 hounds
  2 orc priests
  3 jellies
  2 gnoll boudas
  4 sleepcaps
  Natasha (thrice) (D:3)
  2 iguanas
  6 orc wizards
  6 adders
  9 gnolls
  3 ufetubi
  4 worms (D:2)
  A dart slug (D:1)
  24 orcs
  8 bats
  6 endoplasms
  7 giant cockroaches
  7 goblins
  9 hobgoblins
  9 jackals
  A quokka (D:4)
  9 ball pythons
  6 frilled lizards
  2 goblin skeletons (D:5)
  A goblin zombie (D:5)
  25 kobolds
  3 rats (D:1)
  A butterfly (D:6)
229 creatures vanquished.

Notes
Turn   | Place    | Note
-------+----------+-------------------------------------------
     0 | D:1      | heikuro the Formicid Fighter began the quest for the Orb.
     0 | D:1      | Reached XP level 1. HP: 18/18 MP: 1/1
    25 | D:1      | Reached XP level 2. HP: 15/24 MP: 2/2
   147 | D:1      | Found a faded altar of an unknown god.
   168 | D:1      | Prayed at the altar of an unknown god.
   168 | D:1      | Became a worshipper of Warmaster Okawaru
   168 | D:1      | Reached * piety under Okawaru
   281 | D:1      | Reached XP level 3. HP: 28/29 MP: 3/3
   729 | D:2      | Reached skill level 3 in Axes
   729 | D:2      | Reached XP level 4. HP: 35/37 MP: 4/4
   776 | D:2      | Reached skill level 1 in Invocations
  1402 | D:2      | Found a sparkling altar of Nemelex Xobeh.
  1492 | D:3      | Reached XP level 5. HP: 42/42 MP: 4/6
  1578 | D:3      | Noticed a phantom
  1585 | D:3      | Killed a phantom
  1638 | D:3      | Reached XP level 6. HP: 48/48 MP: 7/7
  1648 | D:3      | Reached skill level 5 in Shields
  1840 | D:3      | Noticed Natasha
  1850 | D:3      | Killed Natasha
  1851 | D:3      | Reached skill level 4 in Axes
  1887 | D:3      | Noticed Natasha
  1889 | D:3      | Killed Natasha
  2074 | D:3      | Noticed Natasha
  2082 | D:3      | Killed Natasha
  2082 | D:3      | Reached ** piety under Okawaru
  2417 | D:4      | Noticed a black bear
  2429 | D:4      | Killed a black bear
  2430 | D:4      | Reached XP level 7. HP: 47/55 MP: 8/8
  2625 | D:4      | Noticed Pikel
  2917 | D:4      | Found Xoujuqac's Antique Armour Shoppe.
  2925 | D:4      | Bought a pair of glowing gloves for 180 gold pieces
  2981 | D:4      | Noticed Dowan
  2981 | D:4      | Noticed Duvessa
  3007 | D:4      | Killed Duvessa
  3008 | D:4      | Reached skill level 5 in Axes
  3012 | D:4      | Killed Dowan
  3340 | D:4      | Got the Volume of Elliptic Phlogiston
  3603 | D:4      | Killed Pikel
  3604 | D:4      | Reached skill level 5 in Fighting
  3604 | D:4      | Reached skill level 5 in Armour
  3604 | D:4      | Reached XP level 8. HP: 7/62 MP: 7/11
  3860 | D:5      | Entered Level 5 of the Dungeon
  3959 | D:5      | Found a runed translucent door.
  3959 | D:5      | Noticed a human
  3978 | D:5      | Found a basalt altar of Yredelemnul.
  4004 | D:5      | Reached skill level 6 in Axes
  4350 | D:5      | Reached XP level 9. HP: 50/69 MP: 12/12
  5198 | D:6      | Reached *** piety under Okawaru
  5218 | D:6      | Reached skill level 5 in Invocations
  5226 | D:6      | Reached skill level 7 in Axes
  5674 | D:6      | Found a staircase to the Ecumenical Temple.
  5676 | D:6      | Found Ephawkay's Elemental Accessories.
  5704 | Temple   | Found a transporter.
  5704 | Temple   | Found a transporter.
  5704 | Temple   | Found a transporter.
  5704 | Temple   | Found a transporter.
  5704 | Temple   | Entered the Ecumenical Temple
  6204 | D:7      | Reached XP level 10. HP: 58/77 MP: 14/14
  6314 | D:7      | Reached skill level 8 in Axes
  7014 | D:7      | Noticed Maggie
  7030 | D:7      | Killed Maggie
  7297 | D:8      | Noticed an orc sorcerer
  7448 | D:8      | Noticed Maurice
  7473 | D:8      | Killed Maurice
  7585 | D:8      | Noticed Joseph
  7591 | D:8      | Noticed a rust devil
  7593 | D:8      | Killed Joseph
  7594 | D:8      | Reached skill level 9 in Axes
  7596 | D:8      | You fall into a shaft and drop 2 floors!
  7596 | D:10     | Entered Level 10 of the Dungeon
  7840 | D:10     | Noticed a gargoyle
  7857 | D:10     | Killed a gargoyle
  7869 | D:10     | Reached **** piety under Okawaru
  8218 | D:10     | Identified the +3 falchion of the Ghost {flame, Dex+2}
  8273 | D:10     | Found Ybafaug's Distillery.
  8276 | D:10     | Noticed a two-headed ogre
  8289 | D:10     | Killed a two-headed ogre
  8290 | D:10     | Reached XP level 11. HP: 39/86 MP: 16/16
  8515 | D:9      | Found a staircase to the Orcish Mines.
  9047 | D:9      | Reached skill level 10 in Axes
  9100 | D:9      | Noticed Erolcha
  9109 | D:9      | You fall into a shaft and drop 3 floors!
  9417 | D:11     | Noticed a manticore
  9432 | D:11     | Killed a manticore
  9453 | D:11     | Noticed a boulder beetle
  9456 | D:11     | You fall into a shaft and drop 2 floors!
  9579 | D:12     | Noticed a boulder beetle
  9589 | D:11     | Noticed a two-headed ogre
  9606 | D:11     | Killed a two-headed ogre
  9645 | D:12     | Demolished by a boulder beetle

Illustrated notes

Levels and vault maps discovered:
D:1:      lemuel_arrival_hallway, layout_basic,
          hellmonk_ecumenical_altar_blasted, minmay_pentomino_p2
D:2:      layout_basic, basic_altar
D:3:      layout_loops_ring, uniq_natasha
D:4:      layout_gridville, serial_shops, nicolae_shop_rolling_square,
          uniq_pikel, uniq_duvessa
D:5:      layout_basic, dk_yredelemnul_ordeal, serial_glass, glass_columns_b,
          glass_columns_a, glass_columns_a, glass_columns_c, feat_on_display
D:6:      layout_basic, minmay_temple_entry_butterflies, nicolae_elemental_shop,
          chequers_arboretum, st_stairs_13
D:7:      layout_loops_ring, uniq_maggie
D:8:      cheibrodos_wizards_tower, layout_layer_cave, lightli_temple_of_fire,
          mainiacjoe_overflow_surrounded_room, uniq_gastronok, uniq_joseph,
          uniq_maurice, uniq_prince_ribbit1
D:9:      layout_irregular_city, minmay_lair_entry_grove, orc_0_dummy,
          serial_co_window_serial, co_window_corner_a, co_window_corner_a,
          co_window_paths_a, co_window_corner_a, co_window_corner_a,
          co_window_of_opportunity_b, co_window_unsneaky_path_b,
          co_window_of_opportunity_b, co_window_unsneaky_path_a,
          co_window_broadway_a, co_window_corner_cb, co_window_broadway_b,
          co_window_4corner_a, glass_columns_b, st_stairs_14, uniq_erica,
          uniq_erolcha
D:10:     layout_gridville, serial_shops, nicolae_stop_n_shop_1
D:11:     layout_gridville, uniq_harold
D:12:     layout_cave_pools
D:13:     layout_gridville, nemelex_lonely_heart_becter
Temple:   hellmonk_temple_divided_pantheon

Skill      XL: |  1  2  3  4  5  6  7  8  9 10 11 |
---------------+----------------------------------+-----
Axes           | 3 4 5 6 7 9 10 | 10.3
Invocations    | 1 2 4 5 7 8 |  8.0
Fighting       | 4 5 6 7 8 |  8.4
Armour         | 4 5 6 7 8 |  8.5
Shields        | 5 6 7 9 |  9.9

Action                     |  1- 3 |  4- 6 |  7- 9 | 10-12 || total
---------------------------+-------+-------+-------+-------++-------
  Melee: War axe           |    78 |   161 |   308 |   274 ||   821
  Throw: Javelin           |     8 |     3 |     2 |     2 ||    15
         Dart              |       |       |     6 |    24 ||    30
 Invoke: Heroism           |       |       |    11 |    14 ||    25
         Finesse           |       |       |       |     1 ||     1
Ability: Dig               |     1 |       |       |       ||     1
         Shaft Self        |       |       |       |     4 ||     4
    Use: Scroll            |       |       |     3 |     3 ||     6
         Potion            |       |       |       |     1 ||     1
 Armour: Scale mail        |    65 |    68 |   116 |    80 ||   329
         Plate armour      |       |       |       |    16 ||    16
  Dodge: Dodged            |    43 |    76 |   166 |   109 ||   394
  Block: Buckler           |    28 |    47 |   120 |    80 ||   275

Table legend: (Time is in decaauts)
 A = Elapsed time spent in this place.
 B = Non-inter-level travel time spent in this place.
 C = Inter-level travel time spent in this place.
 D = Time resting spent in this place.
 E = Time spent auto-exploring this place.
 F = Levels seen in this place.
 G = Mean time per level.
                   A        B        C        D        E       F      G
               +--------+--------+--------+--------+--------+-----+--------+
         Total |   9748 |   9460 |    288 |   1195 |   5389 |  14 |  696.3 |
       Dungeon |   9746 |   9458 |    288 |   1195 |   5389 |  13 |  749.7 |
        Temple |      1 |      1 |      0 |      0 |      0 |   1 |    1.0 |
               +--------+--------+--------+--------+--------+-----+--------+

Top non-repeatable levels by time:
     D:4: 1528 daAuts
     D:5: 1208 daAuts
     D:7: 1201 daAuts
     D:6: 1007 daAuts
     D:3: 948 daAuts
    D:10: 912 daAuts
     D:2: 818 daAuts
     D:1: 697 daAuts
     D:9: 589 daAuts
     D:8: 315 daAuts
    D:12: 230 daAuts
    D:11: 165 daAuts
    D:13: 122 daAuts
  Temple: 1 daAuts
